 Dungeon Crawl Stone Soup version 0.24-a0-516-g9de272bb65 (webtiles) character file.

Game seed: 8904818038520281736

20751 Marnok the Cleaver (level 12, -5/110 HPs)
             Began as a Minotaur Fighter on July 22, 2019.
             Was an Elder of Wu Jian.
             Slain by an orc warlord
             ... wielding a +2 war axe of electrocution
              (12 damage)
             ... on level 1 of the Orcish Mines.
             The game lasted 00:43:47 (13079 turns).

Marnok the Cleaver (Minotaur Fighter)              Turns: 13079, Time: 00:43:47

Health: -5/110     AC: 20    Str: 24    XL:     12   Next: 48%
Magic:  20/20      EV: 10    Int: 12    God:    Wu Jian [****..]
Gold:   972        SH: 13    Dex: 10    Spells: 11/11 levels left

rFire    x . .     SeeInvis .   h - +5 hand axe (chop)
rCold    . . .     Gourm    .   c - +0 shield
rNeg     . . .     Faith    .   s - +2 chain mail of the Tuna {rC- MP+9 Int+7}
rPois    .         Spirit   .   (helmet restricted)
rElec    .         Reflect  .   (no cloak)
rCorr    .         Harm     .   o - +0 pair of gloves
MR       .....                  g - +2 pair of boots
Stlth    ..........             K - amulet of magic regeneration
HPRegen  0.28/turn              F - ring of ice
MPRegen  0.42/turn              M - +1 ring of protection

@: no status effects
A: retaliatory headbutt, hooves 1, horns 2, weak 1, subdued magic 1
a: Wall Jump, Serpent's Lash, Renounce Religion


You were on level 1 of the Orcish Mines.
You worshipped Wu Jian.
Wu Jian was greatly pleased with you.
You were not hungry.

You visited 2 branches of the dungeon, and saw 14 of its levels.
You also visited: Ossuary.

You collected 972 gold pieces.

Inventory:

Hand Weapons
 a - a +3 great mace
 e - a +0 halberd of pain
 h - a +5 hand axe of chopping (weapon)
 u - a +1 rapier of electrocution
 Q - a +0 mace of protection
 S - a cursed +0 falchion
 X - a +3 scimitar of flaming
Missiles
 D - 6 atropa-tipped darts (quivered)
Armour
 c - a +0 shield (worn)
 g - a +2 pair of boots (worn)
 n - a +1 cloak
 o - a +0 pair of gloves (worn)
 s - the +2 chain mail of the Tuna (worn) {rC- MP+9 Int+7}
   (You found it on level 4 of the Dungeon)

   It affects your intelligence (+7).
   It makes you vulnerable to cold.
   It affects your magic capacity (+9).
 v - a +2 leather armour of poison resistance
 B - a +2 scale mail of positive energy
 P - a +4 scale mail of magic resistance
Magical Staves
 b - an uncursed staff of conjuration {unknown}
Jewellery
 F - a ring of ice (left hand)
 K - an amulet of magic regeneration (around neck)
 M - a +1 ring of protection (right hand)
Wands
 m - a wand of iceblast (6)
 w - a wand of random effects (22)
 C - a wand of digging (5)
 J - a wand of scattershot (3)
 R - a wand of enslavement (10)
 T - a wand of paralysis (11)
 V - a wand of acid (9)
Scrolls
 z - a scroll of amnesia
 A - 3 scrolls of remove curse
 G - 3 scrolls of noise
 N - a scroll of holy word {unknown}
 U - 2 scrolls of blinking
Potions
 d - a potion of resistance
 i - 4 potions of curing
 x - 2 potions of brilliance
 E - 4 potions of flight
 H - a potion of agility
 I - 2 potions of magic
 O - a potion of ambrosia
Comestibles
 f - 23 rations
 j - 3 chunks of flesh


   Skills:
 + Level 11.2 Fighting
 + Level 14.3(14.4) Axes
 + Level 2.7(9.9) Maces & Flails
 + Level 11.1 Armour
 + Level 5.0 Dodging
 + Level 2.1 Stealth
 + Level 11.9 Shields


You had 11 spell levels left.
You didn't know any spells.
Your spell library contained the following spells:

 Spells                   Type           Power        Failure   Level  Hunger
 Confusing Touch          Hex            #.....       92%         1    ##.....
 Infusion                 Chrm           #...         92%         1    ##.....
 Magic Dart               Conj           #...         92%         1    ##.....
 Sting                    Conj/Pois      #...         92%         1    ##.....
 Blink                    Tloc           N/A          98%         2    ###....
 Call Imp                 Summ           #.......     98%         2    ###....
 Poisonous Vapours        Pois/Air       #.....       98%         2    ###....
 Shroud of Golubria       Chrm/Tloc      #.....       98%         2    ###....
 Slow                     Hex            #.......     98%         2    ###....
 Song of Slaying          Chrm           #.......     98%         2    ###....
 Confuse                  Hex            #.......     100%        3    ####...
 Conjure Flame            Conj/Fire      #.......     100%        3    ####...
 Gell's Gravitas          Tloc           #.........   100%        3    ####...
 Mephitic Cloud           Conj/Pois/Air  #.......     100%        3    ####...
 Regeneration             Chrm/Necr      #.........   100%        3    ####...
 Spectral Weapon          Hex/Chrm       #.......     100%        3    ####...
 Olgreb's Toxic Radiance  Pois           #.......     100%        4    #####..
 Petrify                  Tmut/Erth      #.......     100%        4    #####..
 Metabolic Englaciation   Hex/Ice        #.........   100%        5    ######.
 Venom Bolt               Conj/Pois      #.........   100%        5    ######.
 Yara's Violent Unravell  Hex/Tmut       #.........   100%        5    ######.


Dungeon Overview and Level Annotations

Branches:
Dungeon (12/15)              Lair (0/6) D:9             Orc (2/2) D:10
    Elf (0/3) Orc:2
 Temple: D:4-7

Altars:
Ashenzari
Dithmenos
Fedhas
Gozag
Nemelex Xobeh
Okawaru
Qazlal
Ru
Vehumet
Wu Jian
Xom

Shops:
D:7 (

Annotations:
D:12 3 runed translucent doors, exclusion: obsidian statue, motoroller71's ghost, journeyman GnGl


Innate Abilities, Weirdness & Mutations

You reflexively headbutt those who attack you in melee.
You have a pair of horns on your head.
You have large cloven feet.
You are weak. (Str -2)
Your spells are a little easier to cast, but a little less powerful.


Message History

You hit the orc warlord but do no damage.
You headbutt the orc warlord!
The orc warlord is lightly wounded.
You barely miss the orc warrior. The orc warlord misses you.
The orc warrior barely misses you.
The orc warrior hits you from afar with a +0 trident!!
* * * LOW HITPOINT WARNING * * *
You block the orc warrior's attack.
The orc warlord hits you but does no damage.
The orc warrior hits you from afar with a +0 trident!
* * * LOW HITPOINT WARNING * * *
You climb upwards.
There is a stone staircase leading down here.
As you read the scroll labeled VINUSTR HENG, it crumbles to dust.
It is a scroll of amnesia.
You feel forgetful for a moment.
The orc warrior hits you with a cursed -1 short sword!!
* * * LOW HITPOINT WARNING * * *
The orc warlord hits you with a +2 war axe of electrocution!
You die...

#...#...........#...#..### ##.##
##.##.#..#..............# ###
####.........#..........##
#..##.........#...#.##...###
........................##.##
.....................#......#
#......#................##.## #
.................o.....##### ##
................@o)...### ##.
...............[[.......## #..
.........................# ##.
.......^.................## ##
#.........#...............# ####.
...#.#.................#.####.###
#..........#..#..........#.#...##
##.....##.######............#...#
#...###### ##.#.........#....


You could see an orc warlord and an orc warrior.

Vanquished Creatures
  An orc warlord (Orc:1)
  A hydra (D:8)
  Erica (D:11)
  2 two-headed ogres
  Urug (D:11)
  An unseen horror (D:11)
  Pikel (D:5)
  An orc knight (Orc:1)
  A manticore (D:11)
  An orc sorcerer (Orc:2)
  4 trolls
  2 polar bears (D:9)
  A hippogriff (D:10)
  Sigmund (D:5)
  A vampire (D:9)
  19 yaks
  2 wraiths
  A wyvern (D:8)
  2 soldier ants (D:8)
  5 wargs
  A water moccasin (D:10)
  Duvessa (D:4)
  2 porcupines (D:9)
  19 orc warriors
  2 sky beasts
  4 black bears
  A necrophage (D:8)
  2 phantoms
  8 ogres
  2 wolves (D:9)
  5 centaurs
  A big kobold (D:10)
  4 bullfrogs
  Dowan (D:4)
  A wyvern skeleton (D:11)
  A water moccasin skeleton (D:8)
  10 scorpions
  5 killer bees (D:10)
  A howler monkey (D:4)
  8 crimson imps
  A bullfrog zombie (D:10)
  5 centaur zombies
  A quasit (D:12)
  A human zombie (Ossuary)
  Crazy Yiuf (D:3)
  A bullfrog skeleton (D:8)
  5 jellies
  5 orc priests
  7 hounds
  8 orc wizards
  2 centaur skeletons
  5 iguanas
  15 worker ants
  A big kobold zombie (Ossuary)
  A bullfrog simulacrum (D:9)
  2 hound skeletons
  3 mummies (Ossuary)
  A worker ant zombie (D:10)
  13 adders
  8 gnolls
  A howler monkey skeleton (D:8)
  5 scorpion zombies (Ossuary)
  3 shadow imps
  A worker ant simulacrum (D:9)
  2 oozes (D:4)
  3 adder skeletons
  A worm (D:3)
  2 dart slugs (D:2)
  2 adder simulacra (D:9)
  8 leopard geckos
  50 orcs
  3 giant cockroaches
  7 goblins
  8 hobgoblins
  6 jackals
  14 kobolds
  5 quokkas
  A ball python (D:3)
  7 bats
  2 frilled lizards
  2 gnoll zombies (Ossuary)
  4 goblin zombies (Ossuary)
  2 hobgoblin zombies (Ossuary)
  A leopard gecko skeleton (D:5)
  2 orc zombies (Ossuary)
  3 rats
359 creatures vanquished.

Vanquished Creatures (others)
  A sky beast (D:9)
  A slave (D:5)
  A centaur (D:5)
  A scorpion (Ossuary)
  A worker ant (D:5)
  11 fungi (D:9)
  A plant (D:9)
17 creatures vanquished.

Grand Total: 376 creatures vanquished

Notes
Turn   | Place    | Note
-------+----------+-------------------------------------------
     0 | D:1      | Marnok the Minotaur Fighter began the quest for the Orb.
     0 | D:1      | Reached XP level 1. HP: 19/19 MP: 0/0
   101 | D:1      | Reached XP level 2. HP: 16/27 MP: 1/1
   501 | D:2      | Reached XP level 3. HP: 20/33 MP: 2/2
   695 | D:2      | Found a stormy altar of Qazlal.
   745 | D:2      | Reached skill level 3 in Axes
   754 | D:2      | Reached XP level 4. HP: 40/40 MP: 3/3
   787 | D:2      | Found a shimmering altar of Xom.
   788 | D:2      | Found a shimmering altar of Xom.
  1673 | D:3      | Reached XP level 5. HP: 33/47 MP: 4/4
  1952 | D:3      | Found a blossoming altar of Fedhas.
  2310 | D:3      | Found a runed translucent door.
  2317 | D:3      | Noticed Crazy Yiuf
  2399 | D:3      | Killed Crazy Yiuf
  2399 | D:3      | Reached skill level 5 in Shields
  2692 | D:4      | Reached skill level 4 in Axes
  2720 | D:4      | Reached skill level 1 in Dodging
  2750 | D:4      | Found an opulent altar of Gozag.
  2769 | D:4      | Got a brightly glowing chain mail
  2780 | D:4      | Identified the +2 chain mail of the Tuna {rC- MP+9 Int+7}
                  | (You found it on level 4 of the Dungeon)
  2787 | D:4      | Found a shadowy altar of Dithmenos.
  2787 | D:4      | Noticed a phantom
  2794 | D:4      | Killed a phantom
  2794 | D:4      | Reached skill level 5 in Armour
  2794 | D:4      | Reached XP level 6. HP: 55/55 MP: 5/5
  2897 | D:5      | Entered Level 5 of the Dungeon
  2925 | D:4      | Reached skill level 5 in Fighting
  2931 | D:4      | Noticed Duvessa
  2932 | D:4      | Noticed Dowan
  2946 | D:4      | Killed Duvessa
  2946 | D:4      | Reached skill level 5 in Axes
  2955 | D:4      | Killed Dowan
  2955 | D:4      | Reached XP level 7. HP: 55/61 MP: 6/6
  3131 | D:4      | Reached skill level 6 in Axes
  3343 | D:4      | Found a radiant altar of Vehumet.
  3679 | D:5      | Noticed Sigmund
  3680 | D:5      | Noticed Pikel
  3693 | D:5      | Killed Pikel
  3693 | D:5      | Reached skill level 7 in Axes
  3693 | D:5      | Reached skill level 1 in Stealth
  3693 | D:5      | Reached XP level 8. HP: 69/70 MP: 7/7
  3696 | D:5      | Reached skill level 8 in Axes
  3705 | D:5      | Killed Sigmund
  3896 | D:5      | Found a shattered altar of Ashenzari.
  4731 | D:5      | Found an ornate altar of the Wu Jian Council.
  4805 | D:7      | Found an ornate altar of the Wu Jian Council.
  4810 | D:7      | Became a worshipper of the Wu Jian Council
  4833 | D:6      | Reached skill level 9 in Axes
  4844 | D:6      | Found a shimmering altar of Xom.
  4975 | D:6      | You fall into a shaft and drop 1 floor!
  4989 | D:7      | Gained mutation: You are occasionally teleported next to
                  | monsters. [potion of mutation]
  4989 | D:7      | Gained mutation: Your spells are a little easier to cast,
                  | but a little less powerful. [potion of mutation]
  4989 | D:7      | Gained mutation: You are surrounded by a mild repulsion
                  | field. (EV +2) [potion of mutation]
  5064 | D:7      | Found a sacrificial altar of Ru.
  5332 | D:8      | Reached XP level 9. HP: 78/78 MP: 8/8
  5358 | D:8      | Found a sand-covered staircase.
  5367 | Ossuary  | Entered an ossuary
  5431 | Ossuary  | Reached * piety under Wu Jian
  5597 | Ossuary  | Reached skill level 10 in Axes
  5845 | Ossuary  | Lost mutation: You are occasionally teleported next to
                  | monsters. [potion of mutation]
  5845 | Ossuary  | Lost mutation: You are surrounded by a mild repulsion
                  | field. (EV +2) [potion of mutation]
  5845 | Ossuary  | Gained mutation: You have large cloven feet. [potion of
                  | mutation]
  5845 | Ossuary  | Gained mutation: You are weak. (Str -2) [potion of
                  | mutation]
  5845 | Ossuary  | Gained mutation: Your spells are easier to cast, but less
                  | powerful. [potion of mutation]
  5845 | Ossuary  | Lost mutation: Your spells are easier to cast, but less
                  | powerful. [potion of mutation]
  6009 | D:9      | Noticed a troll
  6078 | D:8      | Reached ** piety under Wu Jian
  6398 | D:7      | Found an iron altar of Okawaru.
  6543 | D:7      | Found Wynoz's Weapon Boutique.
  6642 | D:8      | Noticed a seven-headed hydra
  7033 | D:8      | Killed a seven-headed hydra
  7033 | D:8      | Reached skill level 1 in Maces & Flails
  7033 | D:8      | Reached XP level 10. HP: 42/88 MP: 9/9
  7399 | D:9      | Reached skill level 11 in Axes
  7509 | D:9      | Found a sparkling altar of Nemelex Xobeh.
  7807 | D:9      | Reached *** piety under Wu Jian
  7838 | D:10     | Entered Level 10 of the Dungeon
  8068 | D:9      | Found a staircase to the Lair.
  8363 | D:9      | Reached skill level 12 in Axes
  8390 | D:10     | Reached XP level 11. HP: 29/97 MP: 10/10
  8903 | D:10     | Reached skill level 10 in Shields
  9070 | D:10     | Reached **** piety under Wu Jian
  9085 | D:10     | Found a staircase to the Orcish Mines.
  9169 | D:11     | Noticed Urug
  9209 | D:11     | Killed Urug
  9600 | D:11     | You fall into a shaft and drop 1 floor!
  9673 | D:12     | Reached skill level 10 in Armour
  9675 | D:12     | Reached skill level 13 in Axes
  9679 | D:12     | Reached skill level 10 in Fighting
  9700 | D:12     | Found a runed translucent gate.
  9700 | D:12     | Found a runed translucent gate.
  9700 | D:12     | Found a runed translucent gate.
  9702 | D:12     | Found an opulent altar of Gozag.
  9702 | D:12     | Noticed a stone giant
  9704 | D:12     | Noticed an ogre mage
  9704 | D:12     | Noticed an obsidian statue
  9705 | D:12     | Noticed motoroller71's ghost (journeyman GnGl)
  9755 | D:11     | Noticed Erica
  9767 | D:11     | Killed Erica
  9965 | D:11     | Noticed a two-headed ogre
  9974 | D:11     | Killed a two-headed ogre
 10389 | D:11     | Killed an unseen horror
 10733 | Orc:1    | Entered Level 1 of the Orcish Mines
 10733 | Orc:1    | Noticed a two-headed ogre
 10744 | Orc:1    | Killed a two-headed ogre
 10744 | Orc:1    | Reached XP level 12. HP: 101/108 MP: 11/11
 10845 | Orc:2    | Entered Level 2 of the Orcish Mines
 10865 | Orc:2    | Reached ***** piety under Wu Jian
 10873 | Orc:2    | Noticed an orc warlord
 10875 | Orc:2    | Found a staircase to the Elven Halls.
 10910 | Orc:1    | Killed an orc warlord
 10910 | Orc:1    | Reached skill level 14 in Axes
 11436 | Orc:2    | Reached skill level 5 in Dodging
 12846 | Orc:2    | Noticed an orc warlord
 13079 | Orc:1    | Slain by an orc warlord

Levels and vault maps discovered:
D:1:      saegor_arrival_simple_e, layout_rooms
D:2:      layout_basic, nicolae_overflow_hidden_temple, xom_redecorated
D:3:      layout_loops_corners, fedhas_altar_1, first_ration,
          uniq_crazy_yiuf_cottage
D:4:      layout_basic, lemuel_doored_altar, kennysheep_flooded_box,
          roderic_serpentine_path, grunt_dithmenos_shadows, uniq_duvessa
D:5:      layout_basic, ashenzari_conservatory_becter, lemuel_round_altar,
          uniq_sigmund, uniq_pikel
D:6:      layout_layer_cave, lemuel_crystal_altar, temple_statues
D:7:      layout_gridville, lemuel_crystal_altar, okawaru_ov_weapons_minmay,
          serial_shops, nicolae_shop_temple_entry_statues_fountains, basic_altar
D:8:      layout_rooms, enter_ossuary_1, hangedman_pestilent_swarm,
          kennysheep_just_a_vault
D:9:      layout_cave_pools, overflow_temple_1_default,
          gammafunk_temple_overflow_pools, due_lair_maze_entry_diamond,
          serial_ice, serial_ice_j, serial_ice_c, serial_ice_m, serial_ice_d
D:10:     layout_cave_pools, orc_0_dummy
D:11:     layout_basic, uniq_urug, uniq_erica
D:12:     layout_roguey, basic_altar, ebering_ghost_gozag, minivault_25,
          uniq_maurice
Orc:1:    layout_caves
Orc:2:    grunt_orc_gardens, layout_caves, grunt_orc_garden, grunt_orc_garden,
          grunt_orc_garden, grunt_orc_garden, rock_pile

Skill      XL: |  1  2  3  4  5  6  7  8  9 10 11 12 |
---------------+-------------------------------------+-----
Armour         | 4 5 6 8 9 10 11 | 11.1
Fighting       | 4 5 6 7 9 10 11 | 11.2
Shields        | 4 5 6 7 8 9 11 | 11.9
Axes           | 3 4 5 7 9 10 12 13 14 | 14.3
Dodging        | 1 2 3 4 5 |  5.0
Stealth        | 1 2 |  2.1
Maces & Flails | 1 2 |  2.7

Action                   |  1- 3 |  4- 6 |  7- 9 | 10-12 || total
-------------------------+-------+-------+-------+-------++-------
Melee: War axe           |    73 |   120 |    42 |       ||   235
       Headbutt          |     5 |    20 |    82 |   164 ||   271
       Hand axe          |       |       |   267 |   703 ||   970
       Mace              |       |       |    30 |     6 ||    36
Invok: Lunge             |       |       |    13 |    25 ||    38
       Whirlwind         |       |       |     5 |    25 ||    30
       Heavenly Storm    |       |       |       |     1 ||     1
  Use: Potion            |       |     3 |     6 |    11 ||    20
       Scroll            |       |     9 |    10 |    11 ||    30
  Eat: Chunk             |       |     7 |     9 |    17 ||    33
       Ration            |       |       |     1 |     1 ||     2
Armor: Scale mail        |    57 |    50 |    26 |       ||   133
       Chain mail        |       |    19 |   145 |   261 ||   425
Dodge: Dodged            |    34 |    47 |    92 |   174 ||   347
Block: Shield            |    52 |    77 |   195 |   349 ||   673

Table legend:
 A = Non-vault XP
 B = Vault XP
 C = Vault XP percentage of total XP
 D = Non-vault monster count
 E = Vault monster count
 F = Vault count percentage of total count
                 A         B        C        D         E       F
            +---------+---------+-------+---------+---------+-------
      Total |   21341 |    8304 |  28.0 |     290 |      71 |  19.7
            +---------+---------+-------+---------+---------+-------
        D:1 |      36 |       0 |   0.0 |      20 |       0 |   0.0
        D:2 |     138 |       0 |   0.0 |      22 |       0 |   0.0
        D:3 |      73 |      42 |  36.5 |      22 |       1 |   4.3
        D:4 |     427 |     348 |  44.9 |      22 |       3 |  12.0
        D:5 |     546 |     796 |  59.3 |      24 |       2 |   7.7
        D:6 |     232 |       0 |   0.0 |       3 |       0 |   0.0
        D:7 |     366 |       0 |   0.0 |      11 |       0 |   0.0
        D:8 |     953 |    1319 |  58.1 |      17 |       5 |  22.7
        D:9 |    2110 |    1708 |  44.7 |      19 |      15 |  44.1
       D:10 |    3053 |       0 |   0.0 |      41 |       0 |   0.0
       D:11 |    5139 |    1725 |  25.1 |      25 |       2 |   7.4
       D:12 |    1475 |       0 |   0.0 |      12 |       0 |   0.0
      Orc:1 |    4055 |     753 |  15.7 |      16 |       2 |  11.1
      Orc:2 |    2738 |     657 |  19.4 |      36 |       9 |  20.0
    Ossuary |       0 |     956 | 100.0 |       0 |      32 | 100.0
            +---------+---------+-------+---------+---------+-------
